 Dungeon Crawl Stone Soup version 0.27.0-1-g7a089689b8 (webtiles) character file.

Game seed: 5208938841721432295

0 thirtiethelement the Skirmisher (level 1, -11/18 HPs)
             Began as a Demonspawn Abyssal Knight on Aug 9, 2021.
             Was a Follower of Lugonu.
             Killed from afar by a raiju (14 damage)
             ... with a living lightning
             ... on level 3 of the Abyss.
             The game lasted 00:01:04 (128 turns).

thirtiethelement the Skirmisher (DsAK)               Turns: 128, Time: 00:01:05

Health: -11/18     AC:  3    Str: 12    XL:     1   Next: 0%
Magic:  2/2        EV: 11    Int: 13    God:    Lugonu [*.....]
Gold:   8          SH:  0    Dex: 12    Spells: 0/0 levels left

rFire    . . .     SeeInvis .   a - +1 falchion
rCold    . . .     Faith    .   (no shield)
rNeg     . . .     Spirit   .   b - +0 leather armour
rPois    .         Reflect  .   (no helmet)
rElec    .         Harm     .   (no cloak)
rCorr    .         Rampage  .   (no gloves)
Will     .....                  (no boots)
Stlth    +.........             (no amulet)
HPRegen  0.06/turn              (no ring)
MPRegen  0.08/turn              (no ring)

@: no status effects
A: no striking features
a: Renounce Religion, Depart the Abyss


You were on level 3 of the Abyss.
You worshipped Lugonu.
Lugonu was aware of your devotion.
You visited 0 branches of the dungeon, and saw 0 of its levels.
You visited the Abyss 1 time.

You collected 8 gold pieces.

Inventory:

Hand Weapons
 a - a +1 falchion (weapon)
Armour
 b - a +0 leather armour (worn)
 d - a +1 ring mail of cold resistance
Scrolls
 c - 2 scrolls of teleportation {unknown}
Potions
 e - a potion of resistance {unknown}
 f - a potion of brilliance {unknown}


   Skills:
 + Level 3.0 Fighting
 + Level 1.7 Long Blades
 + Level 1.7 Armour
 + Level 0.8 Dodging
 + Level 2.4 Invocations


You couldn't memorise any spells.
You didn't know any spells.
Your spell library contained the following spells:

 Spells                   Type           Power      Damage    Failure   Level
 Animate Skeleton         Necr           0%         N/A       36%         1
 Apportation              Tloc           0%         N/A       36%         1
 Corona                   Hex            0%         N/A       36%         1
 Summon Small Mammal      Summ           0%         N/A       36%         1


Dungeon Overview and Level Annotations

Branches:
Dungeon (0/15)

Altars:


Message History

c - 2 scrolls labelled LOESEPPYURR (gained 1)
You see here a +1 ring mail of cold resistance.
d - a +1 ring mail of cold resistance
There is a gateway leading deeper into the Abyss here.
You plunge deeper into the Abyss.
The abyssal rune of Zot can be found at this depth.
Found a glowing sapphire potion.
Found a book of Cantrips.
e - a glowing sapphire potion You pick up a book of Cantrips and begin reading...
You add the spells Corona, Animate Skeleton, Summon Small Mammal and Apportation to your library.
Found a ring mail.
Found a gateway leading out of the Abyss.
Found a leather armour.
You hit the bush but do no damage.
Found 8 gold pieces.
You now have 8 gold pieces.
Found a fuming golden potion.
Found a murky green potion.
Found a hand axe.
The raiju barks!
You hear a roar!
You see here a fuming golden potion.
f - a fuming golden potion A ynoxinul comes into view.
The ynoxinul bellows!
Found a gateway leading out of the Abyss.
The raiju bursts into living lightning!
The living lightning misses you.
The raiju blinks!
Found 8 atropa-tipped darts.
The raiju bursts into living lightning!
The living lightning misses you.
The raiju blinks!
The raiju bites you. The raiju shocks you!
Ouch! That really hurt!
* * * LOW HITPOINT WARNING * * *
The raiju bursts into living lightning!
The living lightning misses you.
The raiju blinks!
The raiju bursts into living lightning!
The living lightning hits you!
Ouch! That really hurt!
You die...

# .# .# .. ##. ##. .#.
.. ..#) ..# ## # ####.
.. #...#. . # #..(.#.
##..... . #..
#...##....... .##.#
#.#..@.### .h ...#.#
#.....#..# #..#....
≈≈....#.h#.######. #
♣≈#.....##§....##.#. #
♣≈≈.#...##.#3#.#..## #
≈≈≈#.....##...##....###
≈≈≈≈...#. ..#.#..3.#..##
≈≈≈≈≈#.....#..3..##..#..
≈≈≈≈≈.......#.. .##....


You could see a raiju and a ynoxinul.

Vanquished Creatures (others)
  A demonic plant (Abyss:3)
1 creature vanquished.

Notes
Turn   | Place    | Note
-------+----------+-------------------------------------------
     0 | Abyss:1  | thirtiethelement the Demonspawn Abyssal Knight began the
                  | quest for the Orb.
     0 | Abyss:1  | Reached XP level 1. HP: 18/18 MP: 2/2
   113 | Abyss:3  | Noticed a raiju
   116 | Abyss:3  | Noticed a ynoxinul
   128 | Abyss:3  | Killed from afar by a raiju

Illustrated notes

Levels and vault maps discovered:
Abyss:3:  base: Temple, evilmike_abyss_exit_8, evilmike_abyss_exit_plants,
          evilmike_abyss_exit_plants, evilmike_abyss_rune_siren_acolytes

Action                   || total
-------------------------++-------
Melee: Falchion          ||     1
Dodge: Dodged            ||     3
